 Dungeon Crawl Stone Soup version 0.18.1-50-g88ac8fd (webtiles) character file.

6658 Gymvy the Pioneer (level 11, -2/81 HPs)
             Began as a Human Artificer on Sept 23, 2016.
             Was an Elder of Pakellas.
             Slain by a komodo dragon (3 damage)
             ... on level 1 of the Lair of Beasts on Oct 1, 2016.
             The game lasted 04:46:33 (10622 turns).

Gymvy the Pioneer (Human Artificer)                Turns: 10622, Time: 04:46:34

Health: -2/81      AC: 12    Str: 15    XL:     11   Next: 22%
Magic:  7/17       EV:  2    Int: 13    God:    Pakellas [****..]
Gold:   499        SH:  0    Dex: 13    Spells: 0 memorised, 10 levels left

rFire  + + .     SeeInvis .     j - +4 dagger (venom)
rCold  . . .     Gourm    .     P - +2 ring mail {rF+}
rNeg   + + +     Faith    .     (no shield)
rPois  ∞         Spirit   .     (no helmet)
rElec  .         Dismiss  .     E - +0 cloak
rCorr  .         Reflect  .     (no gloves)
SustAt .         Harm     .     s - +1 pair of boots {run}
MR     .....                    o - amulet of regeneration
Stlth  ++........               B - ring of protection from fire
                                R - +3 ring of evasion

@: petrified, quick, not resistant to hostile enchantments, unstealthy
A: no striking features
a: Quick Charge, Device Surge, Renounce Religion


You were on level 1 of the Lair of Beasts.
You worshipped Pakellas.
Pakellas was greatly pleased with you.
You were full.

You visited 3 branches of the dungeon, and saw 12 of its levels.

You collected 703 gold pieces.
You spent 204 gold pieces at shops.

Inventory:

Hand Weapons
 j - a +4 dagger of venom (weapon)
 I - a +2 dagger of flaming
Missiles
 v - 26 tomahawks (quivered)
Armour
 s - a +1 pair of boots of running (worn)
 E - a +0 cloak (worn)
 P - a +2 ring mail of fire resistance (worn)
Jewellery
 o - an amulet of regeneration (around neck)
 B - a ring of protection from fire (right hand)
 R - a +3 ring of evasion (left hand)
Wands
 c - a wand of flame (4/48)
 d - a wand of enslavement (12/24)
 e - a wand of lightning (8/15)
 q - a wand of slowing (20/48)
 t - a wand of polymorph (20/24)
 w - a wand of teleportation (4/9)
 y - a wand of acid (8/15)
 A - a wand of confusion (10/48)
 X - a wand of iceblast (6/15)
Scrolls
 a - a scroll of holy word {unknown}
 h - a scroll of recharging
 i - 2 scrolls of noise
 m - 4 scrolls of teleportation
 r - a scroll of remove curse
 u - a scroll of fog {unknown}
 x - a scroll of enchant weapon
 D - a scroll of enchant armour {unknown}
 N - a scroll of magic mapping {unknown}
 O - a scroll of blinking {unknown}
 Q - 2 scrolls of amnesia
 S - 3 scrolls of fear
 T - 3 scrolls of random uselessness {unknown}
 V - 2 scrolls of immolation
Potions
 f - a potion of heal wounds {unknown}
 g - 3 potions of brilliance
 k - a potion of cancellation {unknown}
 l - a potion of invisibility {unknown}
 n - 2 potions of lignification
 p - 3 potions of agility
 z - 10 potions of curing
 F - 2 potions of magic
 K - a potion of mutation {unknown}
 L - a potion of might {unknown}
 Y - a potion of berserk rage {unknown}
Books
 b - a book of Ice

   Spells                             Type                      Level
   a - Ice Form                       Ice/Transmutation            4
   b - Metabolic Englaciation         Hexes/Ice                    5
   c - Ozocubu's Refrigeration        Ice                          6
   d - Bolt of Cold                   Conjuration/Ice              6
   e - Freezing Cloud                 Conjuration/Ice/Air          6
   f - Simulacrum                     Ice/Necromancy               6
Miscellaneous
 H - a lamp of fire
 U - a sack of spiders {used: 2}
Comestibles
 C - 4 beef jerkies
 G - 3 meat rations
 J - a slice of pizza
 M - 5 fruits
 W - 9 royal jellies
 Z - a bread ration


   Skills:
 * Level 5.6 Fighting
 + Level 4.9 Short Blades
 + Level 6.8 Armour
 + Level 8.9 Dodging
 * Level 5.0 Stealth
 + Level 9.0 Evocations


You had 10 spell levels left.
You didn't know any spells.

Dungeon Overview and Level Annotations

Branches:
Dungeon (10/15)            Temple (1/1) D:4            Lair (1/8) D:10
    Orc: D:9-12

Altars:
Ashenzari
Cheibriados
Dithmenos
Elyvilon
Fedhas
Gozag
Kikubaaqudgha
Makhleb
Nemelex Xobeh
Okawaru
Pakellas
Qazlal
Ru
Sif Muna
Trog
Vehumet
Xom
Yredelemnul
Zin
The Shining One

Shops:
D:4 }   D:7 *   D:10 :?


Message History

The komodo dragon bites you! The basilisk gazes at you.
The komodo dragon bites you. The basilisk gazes at you.
The komodo dragon bites you! The basilisk bites you!
* * * LOW HITPOINT WARNING * * *
The komodo dragon bites you!!
* * * LOW HITPOINT WARNING * * *
The basilisk bites you!
* * * LOW HITPOINT WARNING * * *
The komodo dragon bites you but does no damage.
The basilisk bites you but does no damage.
The komodo dragon bites you but does no damage.
The basilisk hisses menacingly.
The basilisk bites you!
* * * LOW HITPOINT WARNING * * *
The komodo dragon bites you!
You die...
Pakellas says: Time to find a new assistant...

# ... .$.# ## #.
# ..... .####.. #
.....# ....... #
#..>.##.......
##### ###
#....../.....
P.##P##.##
#....l....#
.........#
###@lP#.#
..###....#
###.......## ###
#..###..........#
#..........######
#....####### #
#####.####
###.##.##
........#
#####...#


You could see a komodo dragon and a basilisk.

Vanquished Creatures
  A hill giant (D:10)
  A manticore (D:10)
  A rime drake (Lair:1)
  A two-headed ogre (D:10)
  3 yaks
  Sigmund (D:3)
  A wraith (D:10)
  2 hungry ghosts (D:8)
  A steam dragon (D:7)
  Edmund (D:6)
  Menkaure (D:7)
  A soldier ant (D:8)
  A sky beast (D:10)
  4 ice beasts
  2 orc warriors
  8 killer bees
  2 ogres
  3 centaurs
  2 big kobolds (D:10)
  4 giant frogs
  A water moccasin skeleton (D:4)
  The ghost of cedor the Skirmisher, a weakling DsAK of Lugonu (D:3)
  A wight (D:10)
  2 crimson imps
  2 jellies
  A giant frog skeleton (D:5)
  3 centaur skeletons
  5 hounds
  A quasit (D:3)
  3 orc priests
  3 orc wizards
  2 iguanas
  8 worker ants
  2 killer bee zombies
  2 hound zombies
  A howler monkey skeleton (D:5)
  A worker ant zombie (D:5)
  9 gnolls
  7 adders
  3 river rats (D:10)
  3 oozes
  5 worms
  2 dart slugs
  4 giant geckos
  15 orcs
  19 bats
  2 giant cockroaches (D:5)
  10 goblins
  8 hobgoblins
  12 jackals
  9 kobolds
  4 quokkas
  A giant gecko zombie (D:5)
  6 giant newts
  12 rats
211 creatures vanquished.

Vanquished Creatures (collateral kills)
  A troll (D:10)
  A centaur (D:10)
  4 yaks (D:9)
  A hungry ghost (D:8)
  A hippogriff (D:10)
  A soldier ant (D:8)
  An orc warrior (D:10)
  A crocodile (Lair:1)
  An orc wizard (D:10)
  A worker ant (D:8)
  2 gnolls
  A howler monkey skeleton (D:10)
  An adder skeleton (D:6)
  4 orcs
  3 ball pythons (D:2)
  A quokka (D:8)
25 creatures vanquished.

Vanquished Creatures (others)
  A centaur (D:10)
  A killer bee (D:7)
  A worker ant (D:4)
  A hound zombie (D:9)
  2 gnolls
  4 orcs
  A giant cockroach (D:3)
11 creatures vanquished.

Grand Total: 247 creatures vanquished

Notes
Turn   | Place    | Note
--------------------------------------------------------------
     0 | D:1      | Gymvy the Human Artificer began the quest for the Orb.
     0 | D:1      | Reached XP level 1. HP: 15/15 MP: 3/3
    78 | D:1      | Reached XP level 2. HP: 13/21 MP: 4/4
   268 | D:1      | Reached XP level 3. HP: 11/26 MP: 5/5
  1147 | D:1      | Reached XP level 4. HP: 31/32 MP: 6/6
  1264 | D:1      | Reached skill level 1 in Armour
  1402 | D:1      | Reached skill level 4 in Evocations
  2523 | D:2      | Reached XP level 5. HP: 35/37 MP: 8/8
  2984 | D:3      | Noticed Grinder
  2989 | D:3      | Paralysed by Grinder for 7 turns
  3367 | D:3      | Noticed cedor's ghost (weakling DsAK)
  3407 | D:3      | Killed cedor's ghost
  3407 | D:3      | Reached XP level 6. HP: 15/44 MP: 9/9
  3412 | D:3      | Noticed Grinder
  3421 | D:3      | Killed Grinder the quasit
  3783 | D:3      | Noticed Sigmund
  3874 | D:4      | Found a staircase to the Ecumenical Temple.
  3883 | Temple   | Entered the Ecumenical Temple
  3934 | Temple   | Became a worshipper of Pakellas the Inventive
  4024 | D:4      | Found a stormy altar of Qazlal.
  4126 | D:4      | Found Tehukoups's Gadget Emporium.
  4132 | D:4      | Bought a wand of confusion (5/48) for 72 gold pieces
  4364 | D:4      | Reached XP level 7. HP: 48/51 MP: 10/10
  4681 | D:3      | Killed Sigmund
  4979 | D:5      | Entered Level 5 of the Dungeon
  5242 | D:5      | Reached * piety under Pakellas
  5242 | D:5      | Received a gift from Pakellas
  5490 | D:5      | Reached XP level 8. HP: 50/58 MP: 11/11
  5544 | D:5      | Reached skill level 5 in Dodging
  5904 | D:5      | Found a blossoming altar of Fedhas.
  5904 | D:5      | Found a shadowy altar of Dithmenos.
  5910 | D:5      | Found a stormy altar of Qazlal.
  5912 | D:5      | Found a snail-covered altar of Cheibriados.
  5912 | D:5      | Found a glowing golden altar of the Shining One.
  5912 | D:5      | Found an ancient bone altar of Kikubaaqudgha.
  5912 | D:5      | Found a white marble altar of Elyvilon.
  5912 | D:5      | Found a basalt altar of Yredelemnul.
  5913 | D:5      | Found a deep blue altar of Sif Muna.
  6018 | D:5      | Found an opulent altar of Gozag.
  6181 | D:6      | Noticed an angel
  6182 | D:6      | Found a shimmering altar of Xom.
  6182 | D:6      | Found a glowing silver altar of Zin.
  6209 | D:6      | Noticed Edmund
  6271 | D:6      | Killed Edmund
  6594 | D:6      | Reached skill level 5 in Evocations
  6892 | D:7      | Noticed Menkaure
  6896 | D:7      | Killed Menkaure
  6914 | D:7      | Found a glowing silver altar of Zin.
  6914 | D:7      | Found Reshra Qiecs's Hallowed Reliquary.
  6916 | D:7      | Noticed an angel
  6924 | D:7      | Bought a potion of curing for 42 gold pieces
  7020 | D:7      | Reached XP level 9. HP: 65/65 MP: 6/13
  7087 | D:7      | Reached skill level 6 in Evocations
  7408 | D:7      | Reached skill level 5 in Armour
  7939 | D:8      | Reached ** piety under Pakellas
  7939 | D:8      | Received a gift from Pakellas
  8211 | D:8      | Reached skill level 7 in Evocations
  8413 | D:8      | Reached XP level 10. HP: 38/73 MP: 9/15
  8959 | D:9      | Reached skill level 8 in Evocations
  9539 | D:10     | Entered Level 10 of the Dungeon
  9551 | D:10     | Reached *** piety under Pakellas
  9551 | D:10     | Received a gift from Pakellas
  9755 | D:10     | Noticed a hill giant
  9761 | D:10     | Killed a hill giant
  9839 | D:10     | Reached skill level 5 in Fighting
  9961 | D:10     | Found Coucval's Book Boutique.
  9970 | D:10     | Found Vauxkan's Magic Scroll Emporium.
  9976 | D:10     | Bought a scroll of fear for 42 gold pieces
  9976 | D:10     | Bought a scroll of identify for 24 gold pieces
  9976 | D:10     | Bought a scroll of identify for 24 gold pieces
 10065 | D:10     | Noticed a manticore
 10071 | D:10     | Killed a manticore
 10081 | D:10     | Reached XP level 11. HP: 76/80 MP: 2/17
 10126 | D:10     | Reached **** piety under Pakellas
 10126 | D:10     | Received a gift from Pakellas
 10144 | D:10     | Identified a +1 pair of boots of running (You found it on level 10 of the Dungeon)
 10412 | D:10     | Reached skill level 9 in Evocations
 10503 | D:10     | Found a staircase to the Lair.
 10547 | Lair:1   | Entered Level 1 of the Lair of Beasts
 10614 | Lair:1   | Reached skill level 5 in Stealth
 10622 | Lair:1   | HP: 1/81 [basilisk (7)]
 10622 | Lair:1   | Slain by a komodo dragon

Skill      XL: |  1  2  3  4  5  6  7  8  9 10 11 |
---------------+----------------------------------+-----
Armour         | 1 2 3 4 5 6 |  6.8
Evocations     | 4 5 7 8 9 |  9.0
Dodging        | 3 4 6 7 8 |  8.9
Fighting       | 2 3 4 5 |  5.6
Short Blades   | 2 3 4 |  4.9
Stealth        | 2 3 4 5 |  5.0

Action                   |  1- 3 |  4- 6 |  7- 9 | 10-12 || total
-------------------------+-------+-------+-------+-------++-------
Melee: Short sword       |    47 |       |       |       ||    47
       Dagger            |    21 |   209 |   374 |   343 ||   947
Invok: Quick Charge      |       |       |     5 |     7 ||    12
Evoke: Wand              |     5 |    18 |    54 |    30 ||   107
       Sack of spiders   |       |       |       |     2 ||     2
  Use: Scroll            |       |     2 |     9 |     4 ||    15
       Potion            |       |     1 |       |     1 ||     2
 Stab: Sleeping          |       |     1 |     1 |     1 ||     3
       Confused          |       |       |     1 |       ||     1
  Eat: Pizza             |     1 |       |       |       ||     1
       Bread ration      |       |     2 |     5 |     2 ||     9
       Fruit             |       |     1 |     3 |     3 ||     7
       Beef jerky        |       |       |     1 |     1 ||     2
       Meat ration       |       |       |     1 |       ||     1
Armor: Leather armour    |    18 |    40 |    49 |       ||   107
       Ring mail         |       |       |    76 |   103 ||   179
Dodge: Dodged            |    52 |   123 |   210 |   316 ||   701
